Map: Dusk Towers

Players

ILLBdA

  • Race: Protoss Protoss
  • League: Diamond

IllI - Winner!

  • Race: Terran Terran
  • League: Diamond

VOD

Have the link to the VOD?

Description

Time

  • Played on: Dec. 16, 2015, 1:04 a.m.
  • Length: 3:45
Show
View Real Time Build Order
Export as new Build Order

ILLBdA Protoss 

Build Orders:  

Get SALT Encoding   

  12  0:02  Probe (Chrono Boost)  
  13  0:12  Probe (Chrono Boost)  
  14  0:19  Pylon  
  14  0:23  Probe (Chrono Boost)  
  15  0:38  Probe (Chrono Boost)  
  16  0:43  Pylon  
  16  1:02  Gateway x2  
  16  1:06  Probe (Chrono Boost), Assimilator  
  17  1:16  Probe (Chrono Boost)  
  18  1:27  Probe (Chrono Boost)  
  18  1:28  Gateway  
  19  1:37  Probe (Chrono Boost)  
  20  1:50  Cybernetics Core  
  20  1:51  Zealot (Chrono Boost)  
  20  1:54  Zealot (Chrono Boost)  
  24  2:12  Pylon x2  
  26  2:16  Zealot (Chrono Boost)  
  27  2:22  Zealot (Chrono Boost)  
  29  2:31  Stalker (Chrono Boost)  
  29  2:39  Stalker (Chrono Boost)  
  33  2:58  Stalker (Chrono Boost)  
  27  3:06  Stalker (Chrono Boost)  
Show
View Real Time Build Order
Export as new Build Order

IllI Terran - Winner!

Build Orders: Reaper Expand 

Get SALT Encoding   

  12  0:08  SCV  
  13  0:20  SCV  
  14  0:24  Supply Depot  
  14  0:32  SCV  
  15  0:46  SCV  
  15  0:49  Barracks  
  16  0:54  Refinery  
  16  0:58  SCV  
  17  1:13  SCV  
  18  1:25  SCV  
  19  1:38  Reaper  
  19  1:39  Orbital Command  
  20  1:43  Command Center  
  20  1:51  Supply Depot  
  20  2:15  Marine  
  20  2:16  SCV  
  22  2:22  Bunker  
  21  2:33  Marine  
  22  2:46  SCV  
  23  2:55  Marine  
  16  3:10  Supply Depot  
  16  3:13  SCV  
  16  3:18  Marine  
  19  3:25  SCV  
  19  3:32  Bunker  
Tags
 
Matchup
PvT
Replay Pack
me
Add a new tag
Caveats
  • Supply blocks, unpowered buildings, or Contaminate may cause inaccurate times.
  • Supply counts are checked every 10 seconds.